 Dungeon Crawl Stone Soup version 0.20.0-15-g7f486f2 (webtiles) character file.

97 OneHotLlama the Chiller (level 4, -1/30 HPs)
             Began as a Merfolk Ice Elementalist on June 23, 2017.
             Killed by nerve-wracking pain
             ... invoked by Jessica
              (2 damage)
             ... on level 2 of the Dungeon.
             The game lasted 00:25:08 (2873 turns).

OneHotLlama the Chiller (Merfolk Ice Elementalist)  Turns: 2873, Time: 00:25:13

Health: -1/30      AC:  2    Str:  8    XL:     4   Next: 68%
Magic:  5/8        EV: 13    Int: 15    God:
Gold:   85         SH:  0    Dex: 14    Spells: 8/9 levels left

rFire    . . .     SeeInvis .   e - +2 spear (freeze)
rCold    . . .     Gourm    .   (no shield)
rNeg     . . .     Faith    .   a - +0 robe
rPois    .         Spirit   .   (no helmet)
rElec    .         Reflect  .   (no cloak)
rCorr    .         Harm     .   (no gloves)
MR       .....                  (no boots)
Stlth    +++.......             (no amulet)
Regen    0.1/turn               g - ring of stealth
MPRegen  0.2/turn               (no ring)

@: no status effects
A: change form in water, swift swim, stealthy swim
a: no special abilities


You were on level 2 of the Dungeon.
You were not hungry.

You visited 1 branch of the dungeon, and saw 2 of its levels.

You collected 85 gold pieces.

Inventory:

Hand Weapons
 e - a +2 spear of freezing (weapon)
 h - a +0 dagger
 i - a +0 short sword
 u - a +3 whip
Missiles
 d - 35 stones (quivered)
 l - 15 arrows
 n - 16 sling bullets
 q - 7 curare-tipped needles
Armour
 a - a +0 robe (worn)
Jewellery
 g - a ring of stealth (left hand)
Scrolls
 f - a scroll of amnesia {unknown}
 o - a scroll of fear {unknown}
 p - 2 scrolls of identify {unknown}
 r - a scroll of teleportation {unknown}
 v - a scroll of magic mapping {unknown}
Potions
 j - a potion of mutation {unknown}
 k - a potion of flight {unknown}
 m - 2 potions of brilliance {unknown}
 s - a potion of lignification {unknown}
Books
 b - a book of Frost

   Spells                             Type                      Level
   a - Freeze                         Ice                          1
   b - Throw Frost                    Conjuration/Ice              2
   c - Ozocubu's Armour               Charms/Ice                   3
   d - Throw Icicle                   Conjuration/Ice              4
   e - Summon Ice Beast               Ice/Summoning                4
Comestibles
 c - 2 bread rations
 t - a royal jelly


   Skills:
 + Level 1.5 Polearms
 + Level 2.9 Dodging
 + Level 2.3 Stealth
 * Level 3.1 Spellcasting
   Level 0.7 Conjurations
 + Level 4.5 Ice Magic


You had 8 spell levels left.
You knew the following spells:

 Your Spells              Type           Power        Failure   Level  Hunger
a - Freeze                Ice            ###.         3%          1    #......


Dungeon Overview and Level Annotations

Branches:
Dungeon (2/15)

Altars:

Annotations:
D:2 Jessica


Message History

You freeze the gnoll.
You kill the gnoll!
The kobold closely misses you.
You hit the kobold. You freeze the kobold.
You kill the kobold!
Jessica mumbles some strange words.
Jessica blinks!
The gnoll barely misses you.
Casting: Freeze
Confirm with . or Enter, or press ? or * to list all spells.
Aiming: Freeze
Press: ? - help, Shift-Dir - straight line, f - gnoll
Aim: a gnoll, wielding a club You freeze the gnoll.
The gnoll is moderately wounded.
Jessica gestures at you while chanting. Pain shoots through your body!
* * * LOW HITPOINT WARNING * * *
Jessica gestures at you while chanting. Pain shoots through your body!
You die...

#.#.####..# ##...).
#.#.####..######...###
#.#.#...............#
#.#.#.##...#.###...##
#.#........#.# #..##
#.###.##.#.#.. ...#
#........#.#####..#
#####.####.# #..# #@##
#.. .... #.g##### ....
##..## ###ยง..####.
#........'.
#...@.####. #....##
##.### #.#


You could see a gnoll and Jessica.

Vanquished Creatures
  2 adders (D:2)
  2 gnolls (D:2)
  3 worms (D:2)
  2 dart slugs
  A leopard gecko (D:1)
  2 bats (D:1)
  3 giant cockroaches
  5 goblins
  4 hobgoblins
  2 quokkas (D:2)
  A ball python (D:1)
  A frilled lizard (D:2)
  11 kobolds
  8 rats
47 creatures vanquished.

Notes
Turn   | Place    | Note
-------+----------+-------------------------------------------
     0 | D:1      | OneHotLlama the Merfolk Ice Elementalist began the quest for the Orb.
     0 | D:1      | Reached XP level 1. HP: 13/13 MP: 3/3
   312 | D:1      | Reached XP level 2. HP: 18/19 MP: 3/5
   544 | D:1      | Reached skill level 4 in Ice Magic
  1063 | D:1      | Reached XP level 3. HP: 24/24 MP: 6/6
  1929 | D:2      | Reached XP level 4. HP: 30/30 MP: 3/7
  1968 | D:2      | Reached skill level 1 in Polearms
  2852 | D:2      | Noticed Jessica
  2873 | D:2      | HP: 1/30 [Jessica/nerve-wracking pain (5)]
  2873 | D:2      | Killed from afar by Jessica

Skill      XL: |  1  2  3  4 |
---------------+-------------+-----
Ice Magic      | 4 |  4.5
Polearms       | 1 |  1.5
Spellcasting   | 3 |  3.1
Dodging        | |  2.9
Stealth        | |  2.3
Conjurations   | |  0.7

Action                   |  1- 3 |  4- 6 || total
-------------------------+-------+-------++-------
Melee: Spear             |    34 |    39 ||    73
 Cast: Freeze            |    36 |    21 ||    57
 Stab: Sleeping          |     2 |       ||     2
  Eat: Chunk             |     4 |     2 ||     6
       Bread ration      |       |     1 ||     1
Armor: Robe              |    13 |     6 ||    19
Dodge: Dodged            |    48 |    29 ||    77
